 Dungeon Crawl Stone Soup version 0.30-a0-393-g54b8e3be05 (webtiles) character file.

Game seed: 17488748450879889202

139 snetch the Chopper (level 5, -8/70 HPs)
             Began as a Minotaur Berserker on Dec 5, 2022.
             Was a Believer of Trog.
             Mangled by Crazy Yiuf
             ... wielding a +4 quarterstaff of chaos
              (19 damage)
             ... on level 2 of the Dungeon.
             The game lasted 00:03:50 (1753 turns).

snetch the Chopper (Minotaur Berserker)             Turns: 1753, Time: 00:03:50

Health: -8/70      AC:  6    Str: 23    XL:     5   Next: 1%
Magic:  4/4        EV: 11    Int:  4    God:    Trog [**....]
Gold:   141        SH:  3    Dex: 10    Spells: 4/4 levels left

rFire   . . .      SeeInvis .    b - +0 flail
rCold   . . .      Faith    .    q - +0 buckler
rNeg    . . .      Spirit   .    k - +0 ring mail
rPois   .          Reflect  .    (helmet restricted)
rElec   .          Harm     .    (no cloak)
rCorr   .          Rampage  .    (no gloves)
Will    .....                    m - +0 pair of boots
Stlth   ..........               p - amulet of the acrobat
HPRegen 0.31/turn                (no ring)
MPRegen 0.09/turn                (no ring)

@: berserking, very quick
A: horns 2, retaliatory headbutt
a: Renounce Religion, Berserk, Trog's Hand


You were on level 2 of the Dungeon.
You worshipped Trog.
Trog was pleased with you.
You visited 1 branch of the dungeon, and saw 4 of its levels.

You collected 141 gold pieces.

Inventory:

Hand Weapons
 a - a +0 hand axe
 b - a +0 flail (weapon)
Missiles
 r - 25 stones (quivered)
Armour
 k - a +0 ring mail (worn)
 m - a +0 pair of boots (worn)
 q - a +0 buckler (worn)
Jewellery
 h - a ring of fire
 p - an amulet of the acrobat (around neck)
 u - an amulet of reflection
Scrolls
 c - a scroll of amnesia {unknown}
 e - 4 scrolls of identify {unknown}
 f - 2 scrolls of poison {unknown}
 j - a scroll of torment {unknown}
 l - a scroll of vulnerability {unknown}
 n - a scroll of noise {unknown}
 o - 2 scrolls of summoning {unknown}
 t - a scroll of teleportation {unknown}
Potions
 d - a potion of curing {unknown}
 g - 2 potions of attraction {unknown}
 i - a potion of might {unknown}
 s - a potion of haste {unknown}
 v - a potion of mutation {unknown}


   Skills:
 + Level 4.7 Fighting
 + Level 5.1(5.2) Axes
 + Level 0.2(3.1) Maces & Flails
 + Level 3.2 Armour
 + Level 3.0 Dodging


You had 4 spell levels left.
You didn't know any spells.
Your spell library contained the following spells:

 Spells                   Type           Power      Damage    Failure   Level
 Magic Dart               Conj           0%         1d3       77%         1
 Slow                     Hex            0%         N/A       77%         1
 Call Imp                 Summ           0%         N/A       88%         2
 Ensorcelled Hibernation  Hex/Ice        0%         N/A       88%         2
 Passwall                 Tmut/Erth      0%         N/A       88%         2
 Confusing Touch          Hex            0%         N/A       98%         3
 Mephitic Cloud           Conj/Pois/Air  0%         N/A       98%         3
 Swiftness                Air            0%         N/A       98%         3
 Vampiric Draining        Necr           0%         2d6       98%         3


Dungeon Overview and Level Annotations

Branches:
Dungeon (4/15)
 Temple: D:4-7

Altars:

Annotations:
D:2 Crazy Yiuf


Innate Abilities, Weirdness & Mutations

You have a pair of horns on your head.
You reflexively headbutt those who attack you in melee.


Message History

You now have 141 gold pieces (gained 15).
v - a dark potion You see here a +0 short sword.
You open the door.
There is an open door here.
Partly explored, can't reach some places.
You sock the fungus!
The fungus begins to die.
You headbutt the fungus.
The fungus is lightly damaged.
You hit the fungus.
The fungus begins to die.
The fungus is lightly damaged.
You sock the fungus!
The fungus begins to die.
You headbutt the fungus.
The fungus is lightly damaged.
A nearby fungus withers and dies.
You hit the fungus.
The fungus begins to die.
The fungus is lightly damaged.
A nearby fungus withers and dies.
A nearby fungus withers and dies.
Found a hammer.
Found a runed translucent door.
Crazy Yiuf shouts!
Crazy Yiuf screams, "Rifle verde poople!"
Crazy Yiuf waves his quarterstaff at you.
You open the door. You barely miss Crazy Yiuf.
Crazy Yiuf hits you with a +4 quarterstaff of chaos!
Crazy Yiuf drinks a potion.
Crazy Yiuf goes berserk!
You sock Crazy Yiuf!
Crazy Yiuf is moderately wounded.
Crazy Yiuf completely misses you.
Crazy Yiuf hits you with a +4 quarterstaff of chaos!!
Crazy Yiuf draws strength from your wounds!
A red film seems to cover your vision as you go berserk!
You feel yourself moving faster!
You feel mighty! Crazy Yiuf misses you.
You barely miss Crazy Yiuf.
Crazy Yiuf hits you with a +4 quarterstaff of chaos!!
* * * LOW HITPOINT WARNING * * *
Space warps around you.
* * * LOW HITPOINT WARNING * * *
You closely miss Crazy Yiuf. Crazy Yiuf closely misses you.
Crazy Yiuf hits you with a +4 quarterstaff of chaos!!
You die...

#
##.....+.#####..#####.######.#
####.....#.# #....#
#.........# ...........#
♣P..P♣ ##.########
.........### ♣♣...♣ #....#
...........# ♣♣.♣♣ #.##.#
######.....# ♣♣.♣ ##.##.# #
###...# ♣.♣♣ #..##.# ##..#
♣♣.♣ ##.##.# #..# ♣@♣♣ #..##.#
#..# #g# #.....# #..# ...
#...###### ##.# #...#
#........# ### #)..#
##.#####.# ##### #...#..#.#
####### #...#†...# #
#.....######## #...##.### ###
#.........##.# ##.....#


You could see Crazy Yiuf (berserk).

Vanquished Creatures
  Natasha (twice) (D:2)
  3 adders (D:2)
  4 dart slugs
  2 orcs
  5 bats (D:2)
  10 endoplasms
  3 giant cockroaches
  3 goblins
  3 hobgoblins
  7 ball pythons
  6 kobolds
  4 rats
52 creatures vanquished.

Vanquished Creatures (others)
  4 fungi (D:2)
4 creatures vanquished.

Grand Total: 56 creatures vanquished

Notes
Turn   | Place    | Note
-------+----------+-------------------------------------------
     0 | D:1      | snetch the Minotaur Berserker began the quest for the Orb.
     0 | D:1      | Reached XP level 1. HP: 19/19 MP: 0/0
    95 | D:1      | Reached skill level 4 in Axes
    95 | D:1      | Reached XP level 2. HP: 27/27 MP: 1/1
   218 | D:2      | Reached XP level 3. HP: 33/33 MP: 2/2
   466 | D:2      | Reached ** piety under Trog
   577 | D:2      | Noticed Natasha
   583 | D:2      | Killed Natasha
   584 | D:2      | Reached XP level 4. HP: 38/41 MP: 3/3
   874 | D:1      | Found a faded altar of an unknown god.
  1320 | D:2      | Reached skill level 5 in Axes
  1501 | D:2      | Noticed Natasha
  1512 | D:2      | Killed Natasha
  1603 | D:2      | Reached XP level 5. HP: 47/47 MP: 4/4
  1744 | D:2      | Found a runed translucent door.
  1745 | D:2      | Noticed Crazy Yiuf
  1753 | D:2      | Mangled by Crazy Yiuf

Illustrated notes

Levels and vault maps discovered:
D:1:      lemuel_arrival_behind_the_door_large, layout_basic,
          ebering_ecumenical_altar_webs
D:2:      minmay_inner_zag, layout_basic, minmay_crystal_room,
          uniq_crazy_yiuf_cottage, uniq_natasha
D:3:      layout_basic, serial_shops, nicolae_shop_waterfront,
          chequers_serial_rivers_micro_a, st_stairs_4,
          kennysheep_generic_room_13
D:4:      layout_basic, nicolae_sif_muna_condensation,
          minmay_temple_entry_butterflies, minmay_misc_feat_secret_circle

Skill      XL: |  1  2  3  4 |
---------------+-------------+-----
Axes           | 4 5 |  5.1
Fighting       | 4 |  4.7
Armour         | 3 |  3.2
Dodging        | 3 |  3.0
Maces & Flails | |  0.2

Action                   |  1- 3 |  4- 6 || total
-------------------------+-------+-------++-------
Melee: Hand axe          |    52 |    22 ||    74
       Headbutt          |     7 |    11 ||    18
       Punch             |     1 |       ||     1
       Flail             |       |    34 ||    34
Invok: Berserk           |       |     1 ||     1
Armor: Animal skin       |     1 |       ||     1
       Leather armour    |     5 |       ||     5
       Ring mail         |     7 |    13 ||    20
Dodge: Dodged            |    32 |    29 ||    61
Block: Buckler           |       |     1 ||     1

Table legend: (Time is in decaauts)
 A = Elapsed time spent in this place.
 B = Non-inter-level travel time spent in this place.
 C = Inter-level travel time spent in this place.
 D = Time resting spent in this place.
 E = Time spent auto-exploring this place.
 F = Levels seen in this place.
 G = Mean time per level.
                   A        B        C        D        E       F      G
               +--------+--------+--------+--------+--------+-----+--------+
         Total |   1777 |   1712 |     65 |      0 |   1073 |   4 |  444.2 |
       Dungeon |   1777 |   1712 |     65 |      0 |   1073 |   4 |  444.2 |
               +--------+--------+--------+--------+--------+-----+--------+

Top non-repeatable levels by time:
     D:1: 982 daAuts
     D:2: 736 daAuts
     D:3: 46 daAuts
     D:4: 11 daAuts
